Map: Prion Terraces

Players

GETSCHWIFTY

  • Race: Terran Terran

Chris (MCanning) - Winner!

  • Race: Protoss Protoss
  • League: Master

VOD

Have the link to the VOD?

Description

Time

  • Played on: Nov. 14, 2015, 1:37 a.m.
  • Length: 2:09
Show
View Real Time Build Order
Export as new Build Order

GETSCHWIFTY Terran 

Build Orders:  

Get SALT Encoding   

  12  0:02  SCV  
  13  0:17  SCV  
  14  0:24  Supply Depot  
  14  0:39  SCV  
  15  0:48  Barracks  
  15  0:49  Refinery  
  15  0:54  SCV  
  16  1:06  SCV  
  17  1:23  SCV  
  18  1:41  Marine  
  19  2:01  Command Center  
Show
View Real Time Build Order
Export as new Build Order

Chris Protoss - Winner!

Build Orders:  

Get SALT Encoding   

  12  0:01  Probe (Chrono Boost)  
  13  0:12  Probe (Chrono Boost)  
  14  0:20  Pylon  
  14  0:22  Probe (Chrono Boost)  
  15  0:38  Probe (Chrono Boost)  
  15  0:41  Gateway  
  16  0:49  Probe (Chrono Boost)  
  17  0:52  Assimilator  
  17  0:59  Probe (Chrono Boost)  
  18  1:10  Probe (Chrono Boost)  
  19  1:12  Pylon  
  19  1:20  Probe (Chrono Boost)  
  20  1:29  Cybernetics Core  
  20  1:31  Probe (Chrono Boost)  
  23  1:41  Probe (Chrono Boost)  
  22  1:48  Nexus  
  22  1:55  Assimilator  
  22  1:56  Probe (Chrono Boost)  
Tags
 
Add a new tag
Caveats
  • Supply blocks, unpowered buildings, or Contaminate may cause inaccurate times.
  • Supply counts are checked every 10 seconds.